 Dungeon Crawl Stone Soup version 0.30-a0-1018-g25214051b3 (webtiles) character file.

Game seed: 10450040928875391356

274726 Pimp the Eclecticist (level 19, -9/189 HPs)
             Began as a Demonspawn Fighter on Apr 7, 2023.
             Was the Champion of Cheibriados.
             Killed from afar by a will-o-the-wisp (21 damage)
             ... with a foxfire
             ... on level 3 of the Swamp.
             The game lasted 02:11:55 (34599 turns).

Pimp the Eclecticist (Demonspawn Fighter)          Turns: 34599, Time: 02:11:57

Health: -9/189     AC: 21    Str: 42    XL:     19   Next: 92%
Magic:  15/41      EV: 21    Int: 29    God:    Cheibriados [******]
Gold:   1607       SH: 11    Dex: 27    Spells: 31/54 levels left

rFire   . . .      SeeInvis +    P - +6 war axe "Zodghen" {heavy, rC+ rCorr Int-5 Dex+2}
rCold   + + .      Faith    .    e - +2 buckler
rNeg    + . .      Spirit   .    H - quicksilver dragon scales "Maofobur" {rElec rC+ Will+ Str+2 Stlth-}
rPois   +          Reflect  .    (helmet unavailable)
rElec   +          Rampage  .    n - +2 cloak {Stlth+}
rCorr   +          Clarity  +    R - +0 pair of gloves of Inquiry {rPois Int+3}
Will    ++...                    (no boots)
Stlth   +                        C - amulet of magic regeneration
HPRegen 1.31/turn                m - ring of wizardry
MPRegen 0.67/turn                T - ring "Zuav Ypn" {rElec rN+ rCorr Int+4 Dex-2}

@: on berserk cooldown, very slightly contaminated, slowed, studying Ice Magic,
very slow
A: antennae 3, icy blue scales 2, icemail 2, robust 3, spiny 2, condensation
shield, clarity, regeneration 1, strong 1
}: 1/15 runes: serpentine
a: Renounce Religion, Bend Time, Temporal Distortion, Slouch, Step From Time


You were on level 3 of the Swamp.
You worshipped Cheibriados.
Cheibriados was exalted by your worship.
You visited 6 branches of the dungeon, and saw 29 of its levels.
You also visited: Ice Cave.

You collected 3762 gold pieces.
You spent 2155 gold pieces at shops.

Inventory:

Hand Weapons
 a - a +4 war axe
 M - the +2 war axe "Winiuwem" {drain, rF+}
   (You bought it in a shop on level 2 of the Orcish Mines)

   rF:        It protects you from fire.
 N - a +1 scimitar of flaming
 P - the +6 war axe "Zodghen" (weapon) {heavy, rC+ rCorr Int-5 Dex+2}
   (You found it on level 2 of the Elven Halls)

   Int:       It affects your intelligence (-5).
   Dex:       It affects your dexterity (+2).
   rC:        It protects you from cold.
   rCorr:     It protects you from acid and corrosion.
 S - a +6 war axe of venom
 U - the +4 trident of the Forging Wasp {protect, Dex+3}
   (You bought it in a shop on level 4 of the Snake Pit)

   Dex:       It affects your dexterity (+3).
Missiles
 o - 9 throwing nets
Armour
 c - a +0 buckler
 e - a +2 buckler (worn)
 n - a +2 cloak of stealth (worn)
 x - +5 steam dragon scales
 G - the +2 hood of the Assassin {Detect Stab+ Stlth++}
   (You found it on level 3 of the Snake Pit)

   Detect:    It allows the wearer to sense nearby creatures.
   Stab+:     It allows the wearer to make particularly effective stabbing
   attacks against helpless or unaware enemies with any weapon.
   Stlth:     It makes you much more stealthy.
 H - the quicksilver dragon scales "Maofobur" (worn) {rElec rC+ Will+ Str+2 Stlth-}
   (You acquired it in an ice cave)

   Str:       It affects your strength (+2).
   rC:        It protects you from cold.
   rElec:     It insulates you from electricity.
   Will:      It increases your willpower.
   Stlth:     It makes you less stealthy.
 R - the +0 pair of gloves of Inquiry (worn) {rPois Int+3}
   (You found it on level 13 of the Dungeon)

   Int:       It affects your intelligence (+3).
   rPois:     It protects you from poison.
Jewellery
 d - a +6 ring of intelligence
 l - a +6 ring of dexterity
 m - a ring of wizardry (left hand)
 q - a ring of protection from cold
 r - a ring of fire
 u - an amulet of the acrobat
 C - an amulet of magic regeneration (around neck)
 D - a +6 ring of dexterity
 F - the ring "Maomir" {rF+ Will+ Str+4 Dex-2}
   (You took it off a naga warrior on level 2 of the Snake Pit)

   [ring of protection from fire]

   Str:       It affects your strength (+4).
   Dex:       It affects your dexterity (-2).
   rF:        It protects you from fire.
   Will:      It increases your willpower.
 K - a +5 ring of evasion
 Q - a +6 ring of strength
 T - the ring "Zuav Ypn" (right hand) {rElec rN+ rCorr Int+4 Dex-2}
   (You found it in an ice cave)

   [ring of positive energy]

   Int:       It affects your intelligence (+4).
   Dex:       It affects your dexterity (-2).
   rElec:     It insulates you from electricity.
   rN:        It protects you from negative energy.
   rCorr:     It protects you from acid and corrosion.
Wands
 h - a wand of quicksilver (15) (quivered)
 i - a wand of flame (30)
 j - a wand of roots (45)
 y - a wand of mindburst (10)
 V - a wand of charming (5)
 Z - a wand of polymorph (6)
Scrolls
 b - 8 scrolls of immolation
 g - 2 scrolls of noise
 s - 6 scrolls of teleportation
 t - 3 scrolls of torment
 v - 6 scrolls of fog
 z - 5 scrolls of amnesia
 I - a scroll of summoning
 L - 17 scrolls of identify
 X - a scroll of poison
 Y - a scroll of magic mapping
Potions
 f - a potion of lignification
 k - 10 potions of curing
 p - 7 potions of brilliance
 A - 2 potions of attraction
 B - 9 potions of ambrosia
 E - 5 potions of cancellation
 J - 3 potions of might
 O - 3 potions of flight
Miscellaneous
 w - a lightning rod (4/4)


   Skills:
 + Level 11.9 Fighting
 + Level 10.8 Axes
 + Level 11.0 Armour
 + Level 10.6 Dodging
 + Level 11.1 Shields
 + Level 18.0 Spellcasting
 * Level 8.8 Conjurations
 - Level 15.0 Fire Magic
 * Level 9.4 Ice Magic
 - Level 4.1 Invocations


You had 31 spell levels left.
You knew the following spells:

 Your Spells              Type           Power      Damage    Failure   Level
a - Hailstorm             Conj/Ice       68%        3d14      1%          3
b - Ignite Poison         Fire/Tmut/Pois 53%        N/A       1%          3
c - Sticky Flame          Conj/Fire      77%        2d9       1%          4
d - Ignition              Fire           42%        3d12      13%         8
e - Iskenderun's Battles  Conj           67%        2d12      1%          5

Your spell library contained the following spells:

 Spells                   Type           Power      Damage    Failure   Level
 Necrotise                Necr           100%       1d9       1%          1
 Blink                    Tloc           52%        N/A       1%          2
 Cigotuvi's Dreadful Rot  Necr/Pois/Air  52%        N/A       1%          2
 Ensorcelled Hibernation  Hex/Ice        100%       N/A       1%          2
 Lesser Beckoning         Tloc           52%        N/A       1%          2
 Momentum Strike          Conj/Tloc      100%       3d10      1%          2
 Poisonous Vapours        Pois/Air       52%        N/A       1%          2
 Static Discharge         Conj/Air       100%       2-7/arc   1%          2
 Inner Flame              Hex/Fire       63%        N/A       1%          3
 Mephitic Cloud           Conj/Pois/Air  43%        N/A       1%          3
 Ozocubu's Armour         Ice            69%        N/A       1%          3
 Ice Form                 Ice/Tmut       52%        N/A       1%          4
 Gell's Gravitas          Tloc           26%        N/A       2%          3
 Spider Form              Tmut/Pois      26%        N/A       2%          3
 Teleport Other           Tloc           26%        N/A       2%          3
 Vampiric Draining        Necr           26%        2d7       2%          3
 Freezing Cloud           Conj/Ice/Air   28%        6-21      2%          5
 Airstrike                Air            13%        2d(2-18)  10%         4
 Anguish                  Hex/Necr       13%        N/A       10%         4
 Dispel Undead            Necr           26%        3d13      10%         4
 Manifold Assault         Tloc           26%        N/A       10%         4
 Summon Lightning Spire   Summ/Air       26%        N/A       10%         4
 Ozocubu's Refrigeration  Ice            34%        4d15      16%         7
 Simulacrum               Ice/Necr       26%        N/A       21%         6
 Iron Shot                Conj/Erth      25%        9d5       24%         6
 Agony                    Necr           26%        N/A       26%         5
 Alistair's Intoxication  Tmut/Pois      17%        N/A       26%         5
 Borgnjor's Vile Clutch   Necr/Erth      13%        N/A       26%         5
 Yara's Violent Unravell  Hex/Tmut       13%        3d7       26%         5
 Spellforged Servitor     Conj/Summ      25%        N/A       75%         7
 Death Channel            Necr           13%        N/A       78%         6
 Dispersal                Tloc           13%        N/A       78%         6
 Eringya's Noxious Bog    Tmut/Pois      13%        N/A       78%         6
 Enfeeble                 Hex            13%        N/A       100%        7
 Storm Form               Tmut/Air       13%        N/A       100%        7


Dungeon Overview and Level Annotations

Branches:
Dungeon (13/15)            Temple (0/1) D:7            Lair (5/5) D:11
  Swamp (3/4) Lair:2        Snake (4/4) Lair:3        Slime (0/5) Lair:4
    Orc (2/2) D:12            Elf (2/3) Orc:2        Vaults (0/5) D:13
  IceCv (visited)

Altars:
Cheibriados
Gozag
Nemelex Xobeh
Vehumet
Wu Jian
Yredelemnul

Shops:
D:5 *   Orc:2 *:((   Elf:1 =(***   Elf:2 [==:=   Snake:3 :   Snake:4 **((


Innate Abilities, Weirdness & Mutations

You have a pair of large antennae on your head. (SInv)
You are mostly covered in icy blue scales. (AC +3)
A meltable icy envelope protects you from harm. (AC +0)
You are extremely robust. (+30% HP)
You are mostly covered in sharp spines.
A meltable shield of frost defends you. (SH +0)
You possess an exceptional clarity of mind.
Your natural rate of healing is unusually fast.
Your muscles are strong. (Str +4, Int/Dex -1)


Message History

The will-o-the-wisp conjures some foxfire!
The will-o-the-wisp blinks! 2 foxfires come into view.
The swamp worm attacks as you move away!
You block the swamp worm's attack. The foxfire hits you. The foxfire hits you!!
The swamp worm fires a harpoon shot at you.
The harpoon shot hits you but does no damage.
The will-o-the-wisp gestures.
The will-o-the-wisp conjures some foxfire!
The swamp worm fires a harpoon shot at you.
The harpoon shot misses you.
The will-o-the-wisp is struck by your spines.
The will-o-the-wisp engulfs you!
A swamp worm comes into view.
The bog body touches you!
* * * LOW HITPOINT WARNING * * *
The bog body freezes you. You resist.
* * * LOW HITPOINT WARNING * * *
The will-o-the-wisp is struck by your spines.
The will-o-the-wisp closely misses you.
The will-o-the-wisp blinks!
The bog body is struck by your spines. The bog body touches you!
* * * LOW HITPOINT WARNING * * *
The bog body freezes you! You resist.
* * * LOW HITPOINT WARNING * * *
The will-o-the-wisp gestures.
The will-o-the-wisp conjures some foxfire!
The will-o-the-wisp misses you.
The swamp worm is struck by your spines.
The swamp worm bites you but does no damage.
A will-o-the-wisp comes into view. 4 foxfires come into view.
There is a stone staircase leading up, spattered with blood here.
The foxfire hits you!
* * * LOW HITPOINT WARNING * * *
The foxfire hits you.
* * * LOW HITPOINT WARNING * * *
The foxfire hits you!
* * * LOW HITPOINT WARNING * * *
The foxfire hits you!!
You die...

.~$.♣ ♣♣..~♣
♣~..~♣ ♣.~~.♣
♣~~.~♣ ♣♣♣
♣§†?~♣
♣~~§♣♣§†~§♣♣♣♣♣♣
~~.~~§v§w~~~~§.♣
.~§§§§n@<~†...~.
vwv~.§v<<~..~...
♣.§§§~~~~~~....)
♣♣♣♣♣♣♣..~♣♣♣♣♣♣
....♣ ~..~.♣
♣~~~~♣♣ ♣♣~[~~
♣~..♣


You could see 3 will-o-the-wisps, a bog body and 2 swamp worms.

Vanquished Creatures
  A tentacled monstrosity (Swamp:3)
  Jorgrun (D:12)
  Rupert (Lair:3)
  A lich (IceCv)
  Agnes (Elf:2)
  10 nagarajas
  A deep elf sorcerer (Elf:1)
  Aizul (Snake:2)
  An eleionoma (Lair:2)
  The ghost of BlueFish the Covert, a journeyman OpWr of Cheibriados (Orc:2)
  A deep elf annihilator (Elf:2)
  A bunyip (Swamp:2)
  A deep elf death mage (Elf:1)
  Harold (D:11)
  5 salamander tyrants
  2 caustic shrike simulacra (IceCv)
  11 hydras
  Erica (D:11)
  2 centaur warriors (D:13)
  A ghost crab (Swamp:2)
  5 ogre magi
  13 anacondas
  4 catoblepae
  4 alligators
  4 boulder beetles
  23 naga warriors
  20 two-headed ogres
  19 dancing weapons
  6 death yaks (D:11)
  Urug (Lair:3)
  A spriggan berserker (Swamp:1)
  13 deep elf knights
  16 naga sharpshooters
  8 shock serpents
  2 goliath frogs (Swamp:2)
  A fire crab (Lair:4)
  5 salamander mystics
  5 skysharks
  Lodul (D:10)
  A skeletal warrior (D:13)
  A spriggan druid (Swamp:2)
  2 wizards (Elf:1)
  13 bog bodies
  5 swamp dragons
  4 spriggan simulacra (IceCv)
  15 naga ritualists
  5 deep elf archers
  21 deep elf pyromancers
  12 deep elf zephyrmancers
  A necromancer (IceCv)
  An orc knight (Orc:2)
  2 oklob plants
  17 mana vipers
  5 will-o-the-wisps
  An orc sorcerer (Orc:2)
  An ugly thing (D:11)
  18 elephants
  4 manticores (D:12)
  26 salamanders
  A cyclops (D:13)
  A gargoyle (D:12)
  3 torpor snails (Lair:4)
  Joseph (D:10)
  12 guardian serpents
  20 naga magi
  47 black mambas
  4 centaur skeletons (D:13)
  28 cane toads
  3 rime drakes
  9 komodo dragons
  2 unseen horrors (D:13)
  2 golden dragon simulacra (IceCv)
  4 anaconda simulacra (IceCv)
  12 freezing wraiths (IceCv)
  A queen bee (Lair:2)
  5 trolls
  4 bloated husks (Swamp:3)
  3 hornets
  Prince Ribbit (D:8)
  7 polar bears
  7 tyrant leeches
  10 dream sheep
  43 blink frogs
  A vampire (D:10)
  4 water elementals
  2 air elementals
  2 shadows (D:11)
  2 wraiths (D:12)
  49 yaks
  2 wyverns
  4 dire elephant simulacra (IceCv)
  A minotaur simulacrum (IceCv)
  Grum (D:8)
  7 basilisks
  3 fire elementals
  4 steam dragons
  17 vampire mosquitoes
  3 wargs
  9 swamp worms
  2 harpy simulacra (IceCv)
  45 nagas
  A hydra simulacrum (IceCv)
  10 water moccasins
  15 orc warriors
  5 alligator simulacra (IceCv)
  An ettin simulacrum (IceCv)
  A sky beast (D:8)
  6 black bears
  An ice beast (D:6)
  38 ogres
  A boggart (Elf:1)
  7 wolves
  10 centaurs
  2 phantoms
  2 kobold brigands
  A gnoll sergeant (D:12)
  26 bullfrogs
  A deep troll simulacrum (IceCv)
  4 earth elementals
  3 scorpions
  5 wights (D:8)
  4 lindwurm simulacra (IceCv)
  30 killer bees
  2 howler monkeys
  6 electric eels
  4 lava snakes (Lair:3)
  8 orc priests
  2 gnoll boudas
  4 hounds
  A jelly (D:6)
  4 iguanas (D:6)
  Ijyb (D:5)
  2 sleepcaps
  19 orc wizards
  2 hell rats (Lair:5)
  Robin (D:2)
  2 adders
  14 gnolls
  3 shadow imps
  2 worms
  4 dart slugs
  66 orcs
  3 bats
  8 endoplasms
  5 giant cockroaches
  9 hobgoblins
  6 quokkas
  7 ball pythons
  5 frilled lizards
  12 goblins
  19 kobolds
  4 rats
1138 creatures vanquished.

Vanquished Creatures (collateral kills)
  A boulder beetle (D:11)
  Nergalle (D:11)
  A cane toad (Lair:5)
  A freezing wraith (IceCv)
  2 hell rats (Lair:5)
6 creatures vanquished.

Vanquished Creatures (others)
  A fenstrider witch (Swamp:3)
  A hydra (Swamp:3)
  A bog body (Swamp:3)
  A deep elf zephyrmancer (Elf:1)
  A deep elf pyromancer (Elf:1)
  A will-o-the-wisp (Swamp:3)
  An orc wizard (D:9)
  An orc (D:9)
  27 foxfires
  16 fungi
  124 plants
175 creatures vanquished.

Grand Total: 1319 creatures vanquished

Notes
Turn   | Place    | Note
-------+----------+-------------------------------------------
     0 | D:1      | Pimp the Demonspawn Fighter began the quest for the Orb.
     0 | D:1      | Reached XP level 1. HP: 18/18 MP: 1/1
   145 | D:1      | Gained mutation: You are partially covered in sharp spines.
                  | [demonic ancestry]
   145 | D:1      | Reached XP level 2. HP: 21/24 MP: 2/2
   728 | D:2      | Gained mutation: You are mostly covered in sharp spines.
                  | [demonic ancestry]
   728 | D:2      | Reached XP level 3. HP: 29/29 MP: 3/3
   970 | D:2      | Noticed Robin
   985 | D:2      | Killed Robin
   986 | D:2      | Gained mutation: You are partially covered in icy blue
                  | scales. (AC +2) [demonic ancestry]
   986 | D:2      | Reached XP level 4. HP: 22/35 MP: 4/4
  1241 | D:3      | Reached skill level 1 in Dodging
  1552 | D:3      | Found an ornate altar of the Wu Jian Council.
  1570 | D:3      | Gained mutation: A meltable shield of frost defends you.
                  | (SH +0) [demonic ancestry]
  1570 | D:3      | Reached XP level 5. HP: 42/42 MP: 5/5
  2015 | D:4      | You fall into a shaft and drop 2 floors!
  2047 | D:6      | Noticed a water moccasin
  2047 | D:6      | Noticed an ogre
  2059 | D:5      | Entered Level 5 of the Dungeon
  2064 | D:5      | Noticed Ijyb
  2073 | D:5      | Killed Ijyb
  2166 | D:5      | Found Xuheqeb's General Store.
  2185 | D:5      | Noticed an ogre
  2195 | D:5      | Killed an ogre
  2196 | D:5      | Gained mutation: You have a pair of small antennae on your
                  | head. [demonic ancestry]
  2196 | D:5      | Reached XP level 6. HP: 43/48 MP: 6/6
  2654 | D:5      | Bought a scroll of enchant weapon for 90 gold pieces
  2852 | D:4      | Gained mutation: You have a pair of antennae on your head.
                  | [demonic ancestry]
  2852 | D:4      | Reached XP level 7. HP: 49/55 MP: 7/7
  3459 | D:4      | Found a snail-covered altar of Cheibriados.
  3527 | D:4      | Became a worshipper of Cheibriados the Contemplative
  3679 | D:6      | Reached skill level 1 in Spellcasting
  3934 | D:6      | Reached skill level 5 in Fighting
  3934 | D:6      | Gained mutation: A meltable icy envelope protects you from
                  | harm. (AC +0) [demonic ancestry]
  3934 | D:6      | Reached XP level 8. HP: 61/62 MP: 10/10
  3996 | D:6      | Reached skill level 2 in Spellcasting
  4292 | D:6      | Reached skill level 5 in Armour
  4358 | D:6      | Reached * piety under Cheibriados
  4418 | D:6      | Reached skill level 5 in Shields
  5166 | D:7      | Found a staircase to the Ecumenical Temple.
  5217 | D:7      | Found a basalt altar of Yredelemnul.
  5220 | D:7      | Reached skill level 3 in Spellcasting
  5220 | D:7      | Gained mutation: You have a pair of large antennae on your
                  | head. (SInv) [demonic ancestry]
  5220 | D:7      | Reached XP level 9. HP: 63/69 MP: 13/13
  5222 | D:7      | Found a radiant altar of Vehumet.
  5267 | D:7      | Found a sparkling altar of Nemelex Xobeh.
  5597 | D:7      | Reached skill level 5 in Axes
  5602 | D:7      | Learned a level 3 spell: Hailstorm
  5619 | D:7      | Reached ** piety under Cheibriados
  6109 | D:8      | Noticed Prince Ribbit
  6113 | D:8      | Killed Prince Ribbit
  6114 | D:8      | Reached skill level 1 in Invocations
  6147 | D:8      | Reached skill level 1 in Conjurations
  6152 | D:8      | Reached skill level 1 in Ice Magic
  6327 | D:8      | Noticed Grum
  6340 | D:8      | Killed Grum
  6341 | D:8      | Reached skill level 4 in Spellcasting
  6831 | D:9      | Reached skill level 5 in Dodging
  6831 | D:9      | Reached XP level 10. HP: 66/77 MP: 16/16
  6832 | D:9      | Reached *** piety under Cheibriados
  7169 | D:9      | Noticed a two-headed ogre
  7182 | D:9      | Killed a two-headed ogre
  7495 | D:9      | Gained mutation: Your spells are a little easier to cast,
                  | but a little less powerful. [potion of mutation]
  7496 | D:9      | Lost mutation: Your spells are a little easier to cast, but
                  | a little less powerful. [potion of mutation]
  7496 | D:9      | Gained mutation: You are vulnerable to heat. (rF-) [potion
                  | of mutation]
  7496 | D:9      | Gained mutation: You are robust. (+10% HP) [potion of
                  | mutation]
  7496 | D:9      | Gained mutation: You passively dampen the noise of your
                  | surroundings. [potion of mutation]
  7777 | D:9      | Learned a level 3 spell: Ignite Poison
  7835 | D:10     | Entered Level 10 of the Dungeon
  7915 | D:10     | Identified the +1 sling of Conscience {drain, Stlth+}
  7918 | D:10     | Paralysed by a hornet for 2 turns
  8039 | D:10     | Reached skill level 1 in Fire Magic
  8085 | D:10     | Noticed Joseph
  8100 | D:10     | Killed Joseph
  8316 | D:10     | Noticed Lodul
  8327 | D:10     | Reached **** piety under Cheibriados
  8330 | D:10     | Killed Lodul
  8331 | D:10     | Reached skill level 5 in Spellcasting
  8331 | D:10     | Gained mutation: A meltable icy envelope protects you from
                  | harm. (AC +0) [demonic ancestry]
  8331 | D:10     | Reached XP level 11. HP: 75/92 MP: 18/18
  8869 | D:11     | Noticed a death yak
  8886 | D:11     | Killed a death yak
  8965 | D:11     | Noticed Erica
  8974 | D:11     | Killed Erica
  8988 | D:11     | Noticed Harold
  9004 | D:11     | Killed Harold
  9012 | D:11     | Noticed a green ugly thing
  9017 | D:11     | Noticed a death yak
  9023 | D:11     | Killed a green ugly thing
  9037 | D:11     | Killed a death yak
  9297 | D:11     | Noticed a boulder beetle
  9302 | D:11     | Noticed Nergalle
  9335 | D:11     | Killed a boulder beetle
  9349 | D:11     | Killed Nergalle
  9349 | D:11     | Reached ***** piety under Cheibriados
  9589 | D:11     | Reached skill level 5 in Fire Magic
  9695 | D:11     | Noticed a death yak
  9695 | D:11     | Noticed a death yak
  9697 | D:11     | Found a staircase to the Lair.
  9698 | D:11     | Noticed a death yak
  9999 | D:11     | Noticed a death yak
 10020 | D:11     | Killed a death yak
 10021 | D:11     | Reached skill level 6 in Spellcasting
 10021 | D:11     | Gained mutation: You are mostly covered in icy blue scales.
                  | (AC +3) [demonic ancestry]
 10021 | D:11     | Reached XP level 12. HP: 76/101 MP: 19/21
 10027 | D:11     | Killed a death yak
 10033 | D:11     | HP: 3/102 [death yak (16)]
 10044 | D:11     | Killed a death yak
 10052 | D:11     | Killed a death yak
 10371 | D:12     | Noticed Jorgrun
 10421 | D:12     | Killed Jorgrun
 10604 | D:12     | Noticed a catoblepas
 10623 | D:12     | Killed a catoblepas
 10693 | D:12     | Noticed a catoblepas
 10800 | D:11     | Killed a catoblepas
 11235 | D:12     | Found an opulent altar of Gozag.
 11329 | D:12     | Noticed a boulder beetle
 11420 | D:12     | Killed a boulder beetle
 11541 | D:12     | Reached skill level 7 in Spellcasting
 11811 | D:12     | Found a staircase to the Orcish Mines.
 11941 | D:13     | Noticed a centaur warrior
 11949 | D:13     | Killed a centaur warrior
 12079 | D:13     | Noticed a two-headed ogre
 12102 | D:13     | Found a gate to the Vaults.
 12102 | D:13     | Noticed a centaur warrior
 12114 | D:13     | Killed a centaur warrior
 12238 | D:13     | Noticed a two-headed ogre
 12247 | D:13     | Noticed an ogre mage
 12250 | D:13     | Killed a two-headed ogre
 12251 | D:13     | Reached XP level 13. HP: 103/110 MP: 24/24
 12261 | D:13     | Paralysed by an ogre mage for 2 turns
 12266 | D:13     | Paralysed by an ogre mage for 2 turns
 12368 | D:13     | Reached ****** piety under Cheibriados
 12672 | D:13     | Identified the +0 pair of gloves of Inquiry {rPois Int+3}
 12916 | Orc:1    | Entered Level 1 of the Orcish Mines
 13232 | Orc:1    | Reached skill level 8 in Spellcasting
 13451 | Orc:2    | Entered Level 2 of the Orcish Mines
 13489 | Orc:2    | Found Caokkoq's Book Emporium.
 13489 | Orc:2    | Found Wivuopey's Weapon Shop.
 14167 | Orc:2    | Found a staircase to the Elven Halls.
 14220 | Orc:2    | Found Ettes's Assorted Antiques.
 14220 | Orc:2    | Found Atubri Cusy's Weapon Emporium.
 14510 | Orc:2    | Bought a bloodstained war axe for 280 gold pieces
 14510 | Orc:2    | Identified the +2 war axe "Winiuwem" {drain, rF+} (You
                  | bought it in a shop on level 2 of the Orcish Mines)
 14510 | Orc:2    | Bought 3 scrolls of enchant armour for 742 gold pieces
 14510 | Orc:2    | Bought a warped ring mail for 297 gold pieces
 14510 | Orc:2    | Identified the +3 ring mail of the Fisher {rF+ rC- Str+4
                  | Dex+3} (You bought it in a shop on level 2 of the Orcish
                  | Mines)
 14637 | Orc:2    | Reached XP level 14. HP: 118/118 MP: 26/26
 14710 | Orc:2    | Found a runed translucent door.
 14761 | Orc:2    | Noticed BlueFish's ghost (journeyman OpWr)
 14895 | Orc:2    | Reached skill level 9 in Spellcasting
 15271 | Orc:2    | Paralysed by an ogre mage for 3 turns
 15541 | Orc:2    | Learned a level 4 spell: Sticky Flame
 15723 | Orc:2    | Killed BlueFish's ghost
 16163 | Lair:1   | Entered Level 1 of the Lair of Beasts
 17207 | Lair:2   | Found a staircase to the Swamp.
 17216 | Lair:2   | Reached skill level 10 in Fighting
 17980 | Lair:3   | Noticed Rupert
 17983 | Lair:3   | Paralysed by Rupert for 2 turns
 17997 | Lair:3   | Killed Rupert
 18143 | Lair:3   | Noticed Urug
 18163 | Lair:3   | Killed Urug
 18727 | Lair:3   | Reached skill level 10 in Spellcasting
 19230 | Lair:3   | Identified the +8 scimitar "Elaahu" {elec, Int+4}
 19500 | Lair:4   | Reached skill level 10 in Fire Magic
 19533 | Lair:4   | Mutation became permanent: You are robust. (+10% HP)
                  | [demonic ancestry]
 19533 | Lair:4   | Gained mutation: You are robust. (+10% HP) [demonic
                  | ancestry]
 19533 | Lair:4   | Reached XP level 15. HP: 94/128 MP: 29/29
 20581 | Lair:4   | Found a staircase to the Slime Pits.
 21067 | Lair:5   | Entered Level 5 of the Lair of Beasts
 21160 | Lair:5   | Reached skill level 11 in Spellcasting
 21287 | Lair:5   | Reached skill level 12 in Spellcasting
 21692 | Lair:5   | Reached skill level 13 in Spellcasting
 23025 | Lair:3   | Found a staircase to the Snake Pit.
 23479 | Elf:1    | Entered Level 1 of the Elven Halls
 23566 | Elf:1    | Found Zosaxer's Assorted Antiques.
 23627 | Elf:1    | Reached XP level 16. HP: 122/135 MP: 33/33
 23680 | Elf:1    | Reached skill level 14 in Spellcasting
 23687 | Elf:1    | Found Kuepn's General Store.
 23709 | Elf:1    | Bought a scroll of enchant armour for 120 gold pieces
 23738 | Elf:1    | Found Obru Cei's Weapon Boutique.
 23801 | Elf:1    | Found Qifirax's Jewellery Shoppe.
 24659 | Elf:1    | Reached skill level 15 in Spellcasting
 25112 | Elf:1    | Found Cotypsy's Assorted Antiques.
 25120 | Elf:1    | Bought a potion of mutation for 152 gold pieces
 25120 | Elf:1    | Gained mutation: You are very robust. (+20% HP) [demonic
                  | ancestry]
 25120 | Elf:1    | Reached XP level 17. HP: 135/154 MP: 36/36
 25121 | Elf:1    | Lost mutation: You passively dampen the noise of your
                  | surroundings. [potion of mutation]
 25121 | Elf:1    | Lost mutation: You are vulnerable to heat. (rF-) [potion of
                  | mutation]
 25121 | Elf:1    | Gained mutation: Your natural rate of healing is unusually
                  | fast. [potion of mutation]
 25121 | Elf:1    | Gained mutation: Your muscles are strong. (Str +4, Int/Dex
                  | -1) [potion of mutation]
 25121 | Elf:1    | Gained mutation: You possess an exceptional clarity of
                  | mind. [potion of mutation]
 25268 | Elf:2    | Identified the +6 war axe "Zodghen" {heavy, rC+ rCorr Int-5
                  | Dex+2}
 25295 | Elf:2    | Found a frozen archway.
 25310 | IceCv    | Entered an ice cave
 25329 | IceCv    | Reached skill level 16 in Spellcasting
 25448 | IceCv    | Identified the +1 pair of gloves of a ziggurat {rPois}
 25480 | IceCv    | Found an ancient bone altar of Kikubaaqudgha.
 25668 | IceCv    | Identified 2 scrolls of acquirement
 25668 | IceCv    | Acquired 414 gold pieces
 25670 | IceCv    | Acquired the quicksilver dragon scales "Maofobur" {rElec
                  | rC+ Will+ Str+2 Stlth-}
 25795 | IceCv    | Learned a level 8 spell: Ignition
 25887 | IceCv    | Identified the ring "Zuav Ypn" {rElec rN+ rCorr Int+4
                  | Dex-2}
 25892 | IceCv    | Noticed a lich
 25900 | IceCv    | Killed a lich
 26083 | Elf:2    | Found Useas's Jewellery Boutique.
 26143 | Elf:2    | Noticed Agnes
 26148 | Elf:2    | Killed Agnes
 26243 | Elf:2    | Found Jibinu's Jewellery Boutique.
 26244 | Elf:2    | Found Sarayfri's Book Shoppe.
 26272 | Elf:2    | Found Ticefy's Jewellery Boutique.
 26450 | Elf:2    | Found a runed translucent gate.
 26481 | Elf:2    | Found a runed translucent gate.
 26482 | Elf:2    | Found a runed translucent gate.
 26493 | Elf:2    | Found Hunkorph's Armour Emporium.
 26502 | Elf:2    | Paralysed by an air elemental for 1 turns
 26505 | Elf:2    | Paralysed by an air elemental for 1 turns
 26569 | Elf:2    | Identified the +0 chain mail "Egecil" {*Slow Str+3}
 26731 | Elf:2    | Reached skill level 17 in Spellcasting
 27448 | Lair:2   | Learned a level 5 spell: Iskenderun's Battlesphere
 27500 | Snake:1  | Entered Level 1 of the Snake Pit
 27505 | Snake:1  | Gained mutation: You are extremely robust. (+30% HP)
                  | [demonic ancestry]
 27505 | Snake:1  | Reached XP level 18. HP: 136/176 MP: 39/39
 27580 | Snake:1  | Reached skill level 15 in Fire Magic
 27807 | Snake:1  | Identified the +1 dagger "Xen Dadi" {vamp, rElec Str+3}
 28674 | Snake:2  | Reached skill level 10 in Shields
 28699 | Snake:2  | Reached skill level 10 in Armour
 28916 | Snake:2  | Reached skill level 5 in Conjurations
 29228 | Snake:2  | Identified the ring "Maomir" {rF+ Will+ Str+4 Dex-2}
 29431 | Snake:2  | Noticed Aizul
 29438 | Snake:2  | Killed Aizul
 29788 | Snake:2  | Reached skill level 10 in Axes
 30671 | Snake:3  | Reached skill level 5 in Ice Magic
 30770 | Snake:3  | Found the +2 hood of the Assassin {Detect Stab+ Stlth++}
 30963 | Snake:3  | Found Xocol's Book Shop.
 31412 | Snake:4  | Entered Level 4 of the Snake Pit
 31419 | Snake:4  | Reached skill level 10 in Dodging
 31479 | Snake:4  | Reached XP level 19. HP: 178/187 MP: 40/40
 31555 | Snake:4  | Found Zatoaloe's Weapon Boutique.
 31656 | Snake:4  | Found a radiant altar of Vehumet.
 31666 | Snake:4  | Found Jawuliec's Antique Weapon Shoppe.
 31745 | Snake:4  | Bought a jewelled trident for 272 gold pieces
 31745 | Snake:4  | Identified the +4 trident of the Forging Wasp {protect,
                  | Dex+3} (You bought it in a shop on level 4 of the Snake
                  | Pit)
 31827 | Snake:4  | Found Cunore's General Store.
 31954 | Snake:4  | Found Useo's General Store.
 31995 | Snake:4  | Bought a potion of heal wounds for 70 gold pieces
 31995 | Snake:4  | Bought a potion of curing for 42 gold pieces
 31995 | Snake:4  | Bought a potion of curing for 42 gold pieces
 32770 | Snake:4  | Bought a potion of curing for 48 gold pieces
 33015 | Snake:4  | Got a serpentine rune of Zot
 33194 | Swamp:1  | Entered Level 1 of the Swamp
 33773 | Swamp:2  | Reached skill level 18 in Spellcasting
 34599 | Swamp:3  | Killed from afar by a will-o-the-wisp

Illustrated notes

Levels and vault maps discovered:
D:1:      nzn_arrival_water_spiral, layout_loops_cross, minivault_11,
          minmay_pentomino_x4
D:2:      layout_rooms, grunt_ministairs_10, uniq_robin
D:3:      layout_loops_ring, mainiacjoe_overflow_paths, grunt_decor_junction
D:4:      layout_gridville, lemuel_tele_altar, st_stairs_2
D:5:      layout_cave_pools, nicolae_inconvenience_store, minmay_misc_feat_rows,
          uniq_ijyb
D:6:      layout_basic, chequers_big_river
D:7:      layout_basic, overflow_temple_1_default, grunt_temple_overflow_open,
          minmay_temple_entry_statues
D:8:      layout_layer_cave, uniq_grum, uniq_prince_ribbit1
D:9:      layout_big_octagon
D:10:     layout_irregular_city, lemuel_doored_altar, uniq_joseph, uniq_lodul
D:11:     layout_loops_ring, dpeg_lair_monsters, nicolae_tso_swordbearing_angel,
          uniq_harold, uniq_nergalle, uniq_erica
D:12:     nzn_motion_control, layout_grid_maze, orc_0_dummy,
          kennysheep_decorative_pillar, nicolae_gozag_seed_capital, uniq_jorgrun
D:13:     layout_gridville, hangedman_vaults_entry_quadrant_bands
Lair:1:   layout_cave_pods, serial_bayou_shore_b, grunt_megastairs_5
Lair:2:   layout_roguey [special_room_bee], skrybe_swamp_entry_bodies,
          chequers_serial_rivers_large_b
Lair:3:   layout_layer_cave, nicolae_snake_entry_warm_welcome, st_stairs_11,
          beast_lair_carwin_9, uniq_urug, uniq_rupert
Lair:4:   nzn_winding_woodlands_huge [nzn_winding_woodlands_5x15_eye,
          nzn_winding_woodlands_5x15_zeroes,
          nzn_winding_woodlands_5x15_split_checker,
          nzn_winding_woodlands_5x15_cabin, nzn_winding_woodlands_5x15_jagged,
          nzn_winding_woodlands_5x15_longhouse,
          nzn_winding_woodlands_5x15_default,
          nzn_winding_woodlands_5x15_river_crossing,
          nzn_winding_woodlands_5x15_parted,
          nzn_winding_woodlands_5x15_sidewinder,
          nzn_winding_woodlands_center_pierced_h,
          nzn_winding_woodlands_center_garden,
          nzn_winding_woodlands_15x15_thick_spiral], layout_regular_city,
          slime_entry_1, lemuel_fruit_tree, serial_bayou_shore_b
Lair:5:   minmay_lair_end_frog_pond, layout_regular_city,
          dreamdust_gnoll_shepherd, serial_bayou_shore_a
Swamp:1:  layout_falls_marsh, evilmike_swamp_ruin_rubble_2
Swamp:2:  layout_basic_swamp, nicolae_swamp_treefoil, swamp_pool4,
          infiniplex_staircase_pool
Swamp:3:  nicolae_swamp_husk_halls, layout_basic_swamp,
          evilmike_swamp_ruin_house_4, swamp_pool4, statue_in_the_mist_lemuel
Snake:1:  nicolae_snake_crotalidae_crossing, layout_misc_corridors,
          nicolae_snake_gridmaze_spiral
Snake:2:  nicolae_aizul_guard, layout_cave_town,
          nicolae_snake_serpentine_hallways, grunt_megastairs_2,
          serial_bayou_shore_b
Snake:3:  layout_honeycomb, serial_shops, shop_fountains,
          nrook_guardian_serpent_ordinary
Snake:4:  grunt_snake_rune_pools, layout_gridlike, basic_altar, serial_shops,
          nicolae_diamond_shop, shop_fountains, shop_coins, shop_statue,
          grunt_megastairs_4
Orc:1:    nicolae_orc_accident_3, layout_diamond_mine
Orc:2:    st_orc_ogre_mass, layout_caves, ebering_ghost_inner_flame
Elf:1:    nicolae_elf_arrival_fired_up, layout_loops_cross, serial_shops,
          nicolae_shop_advertising_works [nicolae_subvault_shop_adworks], shop,
          shop, shop, shop_statue, hangedman_elf_disciples
Elf:2:    elven_hall_of_blades_hangedman_original
          [nicolae_blade_entry_diamond_columns], layout_onion_city,
          portal_ice_cave_entry_pillars_2, serial_shops, shop,
          nicolae_stop_n_shop_1, minmay_shop_grove, uniq_agnes

Skill      XL: |  1  2  3  4  5  6  7  8  9 10 11 12 13 14 15 16 17 18 19 |
---------------+----------------------------------------------------------+-----
Axes           | 2 3 4 5 6 7 8 9 10 | 10.8
Armour         | 3 4 5 6 7 8 9 10 11 | 11.0
Shields        | 3 4 5 6 7 8 9 10 11 | 11.1
Dodging        | 1 2 3 4 5 6 7 8 9 10 | 10.6
Fighting       | 4 5 6 7 8 9 10 11 | 11.9
Spellcasting   | 1 3 4 5 6 7 8 10 13 15 17 18 | 18.0
Invocations    | 2 4 |  4.1
Conjurations   | 2 3 6 8 |  8.8
Ice Magic      | 1 2 5 9 |  9.4
Fire Magic     | 2 5 7 8 10 12 13 14 15 | 15.0

Action                     |  1- 3 |  4- 6 |  7- 9 | 10-12 | 13-15 | 16-18 | 19-21 || total
---------------------------+-------+-------+-------+-------+-------+-------+-------++-------
  Melee: War axe           |    77 |    84 |   211 |   448 |  1229 |   597 |   218 ||  2864
         Scimitar          |       |       |       |       |    30 |     5 |    16 ||    51
   Cast: Hailstorm         |       |       |       |       |     2 |       |       ||     2
         Ignition          |       |       |       |       |       |    66 |    52 ||   118
         Ignite Poison     |       |       |       |       |       |     1 |       ||     1
         Iskenderun's Batt |       |       |       |       |       |       |     2 ||     2
 Invoke: Slouch            |       |       |       |       |       |     1 |       ||     1
  Evoke: Wand              |       |       |       |     4 |     4 |     6 |       ||    14
    Use: Potion            |       |     1 |       |    12 |     4 |    15 |     2 ||    34
         Scroll            |       |    16 |       |     8 |    18 |    19 |     3 ||    64
   Stab: Sleeping          |       |       |       |     9 |    25 |     8 |       ||    42
         Distracted        |       |       |       |       |     5 |     1 |     1 ||     7
         Petrified         |       |       |       |       |     6 |       |       ||     6
 Armour: Scale mail        |    30 |    23 |    82 |    28 |       |       |       ||   163
         Steam dragon scal |       |       |       |   167 |   277 |    58 |       ||   502
         Quicksilver drago |       |       |       |       |       |   210 |   159 ||   369
  Dodge: Dodged            |    35 |    28 |    99 |   384 |  1150 |   621 |   319 ||  2636
  Block: Buckler           |    28 |    38 |   163 |   372 |  1026 |   547 |   271 ||  2445

Table legend: (Time is in decaauts)
 A = Elapsed time spent in this place.
 B = Non-inter-level travel time spent in this place.
 C = Inter-level travel time spent in this place.
 D = Time resting spent in this place.
 E = Time spent auto-exploring this place.
 F = Levels seen in this place.
 G = Mean time per level.
                   A        B        C        D        E       F      G
               +--------+--------+--------+--------+--------+-----+--------+
         Total |  51728 |  46657 |   5071 |   7767 |  25019 |  30 | 1724.3 |
       Dungeon |  16329 |  15266 |   1063 |   3078 |   9093 |  13 | 1256.1 |
          Lair |  12851 |  11725 |   1126 |    828 |   8031 |   5 | 2570.2 |
         Swamp |   2174 |   2001 |    173 |    335 |   1096 |   3 |  724.7 |
     Snake Pit |   9381 |   8225 |   1156 |   1331 |   3844 |   4 | 2345.2 |
  Orcish Mines |   4942 |   4161 |    781 |   1099 |   1605 |   2 | 2471.0 |
   Elven Halls |   4933 |   4163 |    770 |    921 |   1213 |   2 | 2466.5 |
      Ice Cave |   1116 |   1116 |      0 |    175 |    137 |   1 | 1116.0 |
               +--------+--------+--------+--------+--------+-----+--------+

Top non-repeatable levels by time:
  Lair:3: 3392 daAuts
   Orc:2: 3195 daAuts
  Lair:4: 3044 daAuts
   Elf:1: 2904 daAuts
  Lair:5: 2787 daAuts
    D:11: 2622 daAuts
 Snake:4: 2534 daAuts
 Snake:3: 2441 daAuts
 Snake:2: 2396 daAuts
   Elf:2: 2028 daAuts
 Snake:1: 2009 daAuts
    D:12: 1952 daAuts
  Lair:2: 1818 daAuts
  Lair:1: 1808 daAuts
   Orc:1: 1747 daAuts
